 Dungeon Crawl Stone Soup version 0.30-a0-723-gc1506a1cf0 (webtiles) character file.

Game seed: 10295378879903683635

55 ASSMAN the Insei (level 3, -5/28 HPs)
             Began as a Demonspawn Transmuter on Jan 28, 2023.
             Killed from afar by Ijyb (7 damage)
             ... with a puff of flame
             ... on level 3 of the Dungeon.
             The game lasted 00:01:48 (1502 turns).

ASSMAN the Insei (Demonspawn Transmuter)            Turns: 1502, Time: 00:01:49

Health: -5/28      AC:  5    Str: 10    XL:     3   Next: 67%
Magic:  5/6        EV: 12    Int: 16    God:
Gold:   114        SH:  0    Dex: 19    Spells: 5/6 levels left

rFire   . . .      SeeInvis .      - Unarmed
rCold   . . .      Faith    .    (no shield)
rNeg    . . .      Spirit   .    a - +0 robe
rPois   .          Reflect  .    (helmet currently unavailable)
rElec   .          Harm     .    (no cloak)
rCorr   +          Rampage  .    o - +2 pair of gloves
Will    .....                    (boots currently unavailable)
Stlth   ++                       (no amulet)
HPRegen 0.24/turn                g - +6 ring of dexterity
MPRegen 0.10/turn                k - ring of resist corrosion

@: appendages
A: horns 2, talons 2, weakness stinger 1
a: End Transformation


You were on level 3 of the Dungeon.
You had temporarily grown beastly horns and talons.
You visited 1 branch of the dungeon, and saw 3 of its levels.

You collected 114 gold pieces.

Inventory:

Armour
 a - a +0 robe (worn)
 o - a +2 pair of gloves (worn)
Magical Staves
 d - a staff of poison
Jewellery
 g - a +6 ring of dexterity (left hand)
 k - a ring of resist corrosion (right hand)
Scrolls
 c - 2 scrolls of identify {unknown}
 f - a scroll of amnesia {unknown}
 j - a scroll of vulnerability {unknown}
 p - a scroll of fog {unknown}
 q - a scroll of blinking {unknown}
Potions
 b - a potion of lignification
 e - 2 potions of curing {unknown}
 h - 2 potions of heal wounds {unknown}
 i - a potion of attraction {unknown}
 l - a potion of degeneration {unknown}
 m - a potion of cancellation {unknown}
 n - a potion of haste {unknown}


   Skills:
 + Level 2.6 Fighting
 - Level 1.7 Dodging
 + Level 3.5 Unarmed Combat
 - Level 2.0 Spellcasting
 - Level 1.7 Transmutations


You had 5 spell levels left.
You knew the following spells:

 Your Spells              Type           Power      Damage    Failure   Level
a - Beastly Appendage     Tmut           14%        N/A       10%         1

Your spell library contained the following spells:

 Spells                   Type           Power      Damage    Failure   Level
 Wereblood                Tmut           7%         N/A       16%         2
 Spider Form              Tmut/Pois      4%         N/A       41%         3
 Ice Form                 Ice/Tmut       4%         N/A       82%         4
 Fireball                 Conj/Fire      0%         3d3       99%         5
 Iskenderun's Battlesphe  Conj           1%         2d6       99%         5
 Conjure Ball Lightning   Conj/Air       0%         3x3d6     100%        6
 Orb of Destruction       Conj           0%         9d5       100%        7


Dungeon Overview and Level Annotations

Branches:
Dungeon (3/15)

Altars:
Cheibriados

Shops:
D:1 (

Annotations:
D:3 Ijyb


Innate Abilities, Weirdness & Mutations

You have temporarily grown beastly horns and talons.
You have a small tail.


Message History

Ijyb the Twisted Goblin comes into view.
She is wielding a +2 spectral club and carrying a wand of flame (10).
Ijyb shouts!
Ijyb zaps a wand.
The puff of flame hits you.
A rat comes into view.
You closely miss Ijyb. You tail-slap Ijyb, but do no damage.
Ijyb zaps a wand.
The puff of flame hits you!
You hit Ijyb.
Ijyb is lightly wounded.
Ijyb hits you with a +2 spectral club.
You punch Ijyb!
Ijyb is heavily wounded.
Ijyb hits you with a +2 spectral club.
You are too injured to fight recklessly!
You are too injured to fight recklessly!
You are too injured to fight recklessly!
You are too injured to fight recklessly!
You are too injured to fight recklessly!
Casting: Beastly Appendage (safe; 10% risk of failure)
Confirm with . or Enter, or press ? or * to list all spells.
You grow a pair of large bovine horns.
Your feet morph into talons.
Ijyb barely misses you.
You closely miss Ijyb.
Ijyb is heavily wounded.
Ijyb closely misses you. The rat closely misses you.
You hit Ijyb. Your headbutt misses Ijyb.
Ijyb is heavily wounded.
The rat bites you. Ijyb hits you with a +2 spectral club.
You hit Ijyb but do no damage. You claw Ijyb. You headbutt Ijyb.
Ijyb is severely wounded.
Ijyb zaps a wand.
The puff of flame hits you.
* * * LOW HITPOINT WARNING * * *
The rat barely misses you.
You hit Ijyb.
Ijyb is almost dead.
Ijyb zaps a wand.
The puff of flame hits you.
* * * LOW HITPOINT WARNING * * *
You hit Ijyb but do no damage. You claw Ijyb, but do no damage.
Ijyb is almost dead.
Ijyb zaps a wand.
The puff of flame hits you!
You die...

#......####.....≈≈.≈≈............
#...............≈≈.≈≈..##.......#
#####'#.#######.≈≈_≈≈...#.#.....#
#.#.# ##..≈≈≈≈≈...#.#.....# #.#.#
#....≈≈≈....#.#####.#
#####.#.#####.#.........#+# #.#
...................#.#... ..#
..........##########...... ..#
..........'.....@gr..(....
..........########.......
..####....# ...>... ## #....#
.#..... ♣PPP♣♣ ....### ♣♣PP. ..
.+ ♣♣.♣ ... # ♣♣ ...


You could see Ijyb and a rat.

Vanquished Creatures
  2 adders (D:3)
  5 endoplasms
  2 giant cockroaches (D:2)
  5 hobgoblins (D:1)
  7 kobolds
  2 quokkas (D:2)
  2 ball pythons
  4 bats
  A frilled lizard (D:1)
  6 rats (D:1)
36 creatures vanquished.

Notes
Turn   | Place    | Note
-------+----------+-------------------------------------------
     0 | D:1      | ASSMAN the Demonspawn Transmuter began the quest for the
                  | Orb.
     0 | D:1      | Reached XP level 1. HP: 15/15 MP: 3/3
   165 | D:1      | Reached skill level 3 in Unarmed Combat
   165 | D:1      | Discovered your monstrous ancestry.
   165 | D:1      | Gained mutation: You have a small tail. [demonic ancestry]
   165 | D:1      | Reached XP level 2. HP: 8/21 MP: 1/5
   471 | D:1      | Found Ricweum's Weapon Boutique.
   732 | D:2      | Found a faded altar of an unknown god.
   922 | D:2      | Reached XP level 3. HP: 27/27 MP: 6/6
  1417 | D:3      | Found a snail-covered altar of Cheibriados.
  1491 | D:3      | Noticed Ijyb
  1502 | D:3      | Killed from afar by Ijyb

Illustrated notes

Levels and vault maps discovered:
D:1:      amcnicky_arrival_choice, layout_basic, serial_shops,
          nicolae_shop_waterfront
D:2:      layout_loops_cross, hellmonk_ecumenical_altar_arch_garden
D:3:      layout_basic, mainiacjoe_overflow_catwalk, uniq_crazy_yiuf_cottage,
          uniq_ijyb

Skill      XL: |  1  2 |
---------------+-------+-----
Unarmed Combat | 3 |  3.5
Fighting       | 2 |  2.6
Dodging        | |  1.7
Spellcasting   | |  2.0
Transmutations | |  1.7

Action                     || total
---------------------------++-------
  Melee: Unarmed           ||    90
         Kick              ||     8
         Headbutt          ||     3
         Punch             ||     2
         Tailslap          ||    10
   Cast: Beastly Appendage ||     9
   Stab: Sleeping          ||     4
 Armour: Robe              ||    22
  Dodge: Dodged            ||    47

Table legend: (Time is in decaauts)
 A = Elapsed time spent in this place.
 B = Non-inter-level travel time spent in this place.
 C = Inter-level travel time spent in this place.
 D = Time resting spent in this place.
 E = Time spent auto-exploring this place.
 F = Levels seen in this place.
 G = Mean time per level.
                   A        B        C        D        E       F      G
               +--------+--------+--------+--------+--------+-----+--------+
         Total |   1496 |   1433 |     63 |     27 |   1160 |   3 |  498.7 |
       Dungeon |   1496 |   1433 |     63 |     27 |   1160 |   3 |  498.7 |
               +--------+--------+--------+--------+--------+-----+--------+

Top non-repeatable levels by time:
     D:1: 669 daAuts
     D:2: 653 daAuts
     D:3: 172 daAuts
